 Dungeon Crawl Stone Soup version 0.26.1-11-gd32895ea62 (webtiles) character file.

Game seed: 4062502148365800967

396 Tocho the Poker (level 6, -2/47 HPs)
             Began as a Merfolk Gladiator on June 28, 2021.
             Was an Initiate of Okawaru.
             Killed by nerve-wracking pain
             ... invoked by an orc priest
              (10 damage)
             ... on level 4 of the Dungeon.
             The game lasted 00:08:30 (3359 turns).

Tocho the Poker (Merfolk Gladiator)                 Turns: 3359, Time: 00:08:31

Health: -2/47      AC:  5    Str: 14    XL:     6   Next: 82%
Magic:  6/6        EV: 12    Int: 10    God:    Okawaru [......]
Gold:   191        SH:  8    Dex: 15    Spells: 5/5 levels left

rFire    . . .     SeeInvis .   a - +0 trident
rCold    . . .     Faith    .   e - +0 kite shield
rNeg     . . .     Spirit   .   h - +0 robe
rPois    .         Reflect  .   c - +0 helmet
rElec    .         Harm     .   (no cloak)
rCorr    .         Rampage  .   p - +0 pair of gloves
Will     .....                  o - +0 pair of boots
Stlth    +++.......             (no amulet)
HPRegen  0.15/turn              s - ring of stealth
MPRegen  0.10/turn              (no ring)

@: no status effects
A: change form in water, swift swim, stealthy swim
a: Renounce Religion


You were on level 4 of the Dungeon.
You worshipped Okawaru.
Okawaru was noncommittal.
You visited 2 branches of the dungeon, and saw 5 of its levels.

You collected 191 gold pieces.

Inventory:

Hand Weapons
 a - a +0 trident (weapon)
Missiles
 d - 3 throwing nets
 f - 4 atropa-tipped darts
 m - 65 stones (quivered)
 z - 3 curare-tipped darts
Armour
 b - a +0 leather armour
 c - a +0 helmet (worn)
 e - a +0 kite shield (worn)
 h - a +0 robe (worn)
 o - a +0 pair of boots (worn)
 p - a +0 pair of gloves (worn)
Jewellery
 s - a ring of stealth (left hand)
 D - an uncursed ring of protection from cold {unknown}
Wands
 y - a wand of digging (4)
Scrolls
 g - 2 scrolls of magic mapping {unknown}
 j - 3 scrolls of fear {unknown}
 k - 2 scrolls of enchant weapon {unknown}
 v - 3 scrolls of remove curse {unknown}
 w - a scroll of blinking {unknown}
 x - 2 scrolls of teleportation {unknown}
 A - 2 scrolls of immolation {unknown}
 B - 2 scrolls of identify
 C - a scroll of amnesia {unknown}
Potions
 l - 3 potions of invisibility
 n - a potion of experience {unknown}
 q - a potion of degeneration {unknown}
 r - a potion of haste {unknown}
 t - a potion of brilliance {unknown}
 u - a potion of attraction {unknown}


   Skills:
 + Level 3.3 Fighting
 + Level 7.2 Polearms
 + Level 3.5 Throwing
 - Level 0.2 Armour
 + Level 5.3 Dodging
 + Level 1.8 Stealth
 + Level 1.3 Shields


You had 5 spell levels left.
You didn't know any spells.
Your spell library was empty.

Dungeon Overview and Level Annotations

Branches:
Dungeon (4/15)             Temple (1/1) D:4

Altars:
Ashenzari
Cheibriados
Fedhas
Gozag
Hepliaklqana
Okawaru
Trog
Uskayaw
Vehumet
Wu Jian
Xom
Yredelemnul
Zin
The Shining One

Annotations:
D:4 1 runed translucent door, Crazy Yiuf


Message History

The orc priest is heavily wounded.
The orc priest hits you from afar with a +0 trident.
Unknown command.
Reach: a) +0 trident
Press: ? - help, Dir - move target, f/p - orc priest
Aim: an orc priest, wielding a +0 trident (heavily wounded)
You reach to attack!
You hit the orc priest.
The orc priest is severely wounded.
The orc priest calls down the wrath of Beogh upon you.
Pain shoots through your body!
* * * LOW HITPOINT WARNING * * *
Reach: a) +0 trident
Press: ? - help, Dir - move target, f/p - orc priest
Aim: an orc priest, wielding a +0 trident (severely wounded)
You reach to attack!
You hit the orc priest but do no damage.
The orc priest is severely wounded.
The orc priest calls down the wrath of Beogh upon you.
Pain shoots through your body!
You die...

#).#.##########.
# #..#..
..[(.o..{ #
#..#####.(....o#
### #†.# #(# ..#
#..#####(#
#.#####......)o#
#........#####)#
#.########
#o#####.# ..#
#.)@....# ###
#########


You could see an orc priest.

Vanquished Creatures
  An ogre (D:4)
  A scorpion (D:4)
  2 hounds (D:4)
  A worker ant (D:4)
  An orc wizard (D:4)
  6 adders
  An ooze (D:1)
  An adder skeleton (D:4)
  2 worms
  A dart slug (D:1)
  5 leopard geckos
  2 orcs (D:4)
  7 bats
  2 giant cockroaches
  19 goblins
  10 hobgoblins
  5 jackals
  6 kobolds
  2 quokkas
  7 frilled lizards
  3 rats
85 creatures vanquished.

Notes
Turn   | Place    | Note
-------+----------+-------------------------------------------
     0 | D:1      | Tocho the Merfolk Gladiator began the quest for the Orb.
     0 | D:1      | Reached XP level 1. HP: 16/16 MP: 1/1
   129 | D:1      | Reached XP level 2. HP: 22/22 MP: 2/2
   210 | D:1      | Reached skill level 5 in Polearms
   475 | D:1      | Reached XP level 3. HP: 27/27 MP: 3/3
   768 | D:2      | Reached XP level 4. HP: 23/34 MP: 4/4
  1077 | D:2      | Reached skill level 5 in Dodging
  1496 | D:3      | Reached skill level 6 in Polearms
  1555 | D:3      | Found a faded altar of an unknown god.
  1703 | D:3      | Reached skill level 1 in Stealth
  1703 | D:3      | Reached XP level 5. HP: 41/41 MP: 5/5
  1899 | D:3      | Found a snail-covered altar of Cheibriados.
  2279 | D:4      | Reached skill level 1 in Shields
  2507 | D:4      | Reached XP level 6. HP: 47/47 MP: 6/6
  2614 | D:4      | Found a staircase to the Ecumenical Temple.
  2696 | Temple   | Entered the Ecumenical Temple
  2916 | Temple   | Became a worshipper of Warmaster Okawaru
  3001 | D:4      | Found a runed translucent door.
  3002 | D:4      | Noticed Crazy Yiuf
  3159 | D:4      | Reached skill level 7 in Polearms
  3359 | D:4      | Killed from afar by an orc priest

Illustrated notes

Levels and vault maps discovered:
D:1:      scummos_arrival_hexagon, layout_rooms
D:2:      layout_rooms
D:3:      layout_rooms, chequers_ecumenical_altar_island, cheibriados_altar_1
D:4:      layout_loops_ring, minmay_temple_entry_waves, uniq_crazy_yiuf_cottage
Temple:   eino_narrow_crystal_temple

Skill      XL: |  1  2  3  4  5  6 |
---------------+-------------------+-----
Polearms       | 5 6 7 |  7.2
Dodging        | 5 |  5.3
Fighting       | 3 |  3.3
Stealth        | 1 |  1.8
Shields        | 1 |  1.3
Throwing       | 3 |  3.5
Armour         | |  0.2

Action                   |  1- 3 |  4- 6 || total
-------------------------+-------+-------++-------
Melee: Trident           |    78 |   169 ||   247
Throw: Stone             |       |   109 ||   109
       Dart              |       |     2 ||     2
  Use: Scroll            |       |     3 ||     3
       Potion            |       |     1 ||     1
 Stab: Sleeping          |     1 |     5 ||     6
       Invisible         |       |     1 ||     1
Armor: Leather armour    |     5 |       ||     5
       Robe              |     8 |    44 ||    52
Dodge: Dodged            |    28 |    94 ||   122
Block: Kite shield       |    28 |    59 ||    87
